 Dungeon Crawl Stone Soup version 0.29.0-11-gd7f09526c8 (webtiles) character file.

Game seed: 13682178260738147235

332 Flugkiller the Chopper (level 6, -1/52 (56) HPs)
             Began as a Minotaur Fighter on Sept 6, 2022.
             Slain by a necrophage (2 damage)
             ... in a sewer.
             The game lasted 00:01:22 (3526 turns).

Flugkiller the Chopper (Minotaur Fighter)           Turns: 3526, Time: 00:01:23

HP:   -1/52 (56)    AC:  8    Str: 21    XL:     6   Next: 26%
MP:   5/5           EV:  9    Int:  5    God:
Gold: 92            SH:  4    Dex: 11    Spells: 5/5 levels left

rFire   . . .      SeeInvis .   a - +0 war axe
rCold   . . .      Faith    .   c - +0 buckler
rNeg    . . .      Spirit   .   b - +0 scale mail
rPois   .          Reflect  .   (helmet restricted)
rElec   .          Harm     .   (no cloak)
rCorr   .          Rampage  .   r - +0 pair of gloves
Will    +....                   (no boots)
Stlth   ..........              (no amulet)
HPRegen 0.17/turn               m - ring of willpower
MPRegen 0.09/turn               (no ring)

@: drained
A: horns 2, retaliatory headbutt
a: no special abilities


You were in a sewer.
You visited 1 branch of the dungeon, and saw 4 of its levels.
You also visited: Sewer.

You collected 92 gold pieces.

Inventory:

Hand Weapons
 a - a +0 war axe (weapon)
 j - a +0 battleaxe
   (You took it off a wight in a sewer)
Armour
 b - a +0 scale mail (worn)
 c - a +0 buckler (worn)
 r - a +0 pair of gloves (worn)
   (You found it on level 3 of the Dungeon)
Jewellery
 m - a ring of willpower (left hand)
   (You found it on level 2 of the Dungeon)
Scrolls
 e - 5 scrolls of identify {unknown}
 f - a scroll of teleportation {unknown}
 g - a scroll of enchant weapon {unknown}
 i - 4 scrolls of butterflies {unknown}
 k - a scroll of amnesia {unknown}
 o - 2 scrolls of noise {unknown}
 q - a scroll of vulnerability {unknown}
 s - a scroll of enchant armour {unknown}
Potions
 d - 2 potions of might
 h - 3 potions of degeneration {unknown}
 l - a potion of lignification {unknown}
 n - a potion of mutation {unknown}
 p - a potion of attraction {unknown}
 w - a potion of heal wounds


   Skills:
 + Level 5.2 Fighting
 * Level 5.9 Axes
 + Level 5.2 Armour
 - Level 3.6 Shields


You had 5 spell levels left.
You didn't know any spells.
Your spell library was empty.

Dungeon Overview and Level Annotations

Branches:
Dungeon (4/15)              Sewer (1/1)
 Temple: D:4-7

Altars:
Hepliaklqana
Nemelex Xobeh

Shops:
D:2 ?

Annotations:
D:3 1 runed translucent door, Isauros's ghost, weakling MiHu


Innate Abilities, Weirdness & Mutations

You have a pair of horns on your head.
You reflexively headbutt those who attack you in melee.


Message History

A ball python comes into view.
You see here a +0 whip.
Found an ancient bone altar of Kikubaaqudgha.
An ufetubus comes into view.
A necrophage and 7 kobolds come into view.
The kobold shouts! x7
There is an open door here.
You closely miss the ball python. You headbutt the ball python.
The ball python is severely wounded.
The ball python bites you but does no damage.
The ball python barely misses you. You block the ball python's attack.
The ball python misses you.
You hit the ball python.
You kill the ball python!
You block the ufetubus's attack.
The ufetubus hits you but does no damage.
You closely miss the ufetubus. You slash the kobold!
You kill the kobold!
You hit the ball python but do no damage.
The ufetubus hits you but does no damage.
The ufetubus hits you.
A kobold brigand comes into view.
It is wielding a +0 dagger and quivering curare-tipped darts.
The ball python bites you but does no damage.
The ball python grabs you. The ball python constricts you.
The ufetubus hits you but does no damage.
The ufetubus barely misses you. The kobold hits you with a +0 club.
You closely miss the ball python. You completely miss the kobold.
You barely miss the ufetubus. The ball python bites you.
The ball python constricts you. The ufetubus hits you. x2
The kobold hits you but does no damage.
The ball python bites you but does no damage.
The ball python constricts you. You block the ufetubus's attack.
The ufetubus barely misses you.
You hit the ball python.
You kill the ball python!
You hit the kobold. You barely miss the ufetubus.
The ufetubus hits you but does no damage.
You block the ufetubus's attack. The kobold hits you with a +0 club.
You slash the kobold!
You kill the kobold!
You closely miss the kobold. You hit the ufetubus.
The ufetubus hits you but does no damage.
The ufetubus hits you. The kobold barely misses you. You furiously retaliate!
You headbutt the kobold!
You kill the kobold!
The ufetubus closely misses you. The ufetubus barely misses you.
You closely miss the ufetubus.
The ufetubus is severely wounded.
You hit the kobold but do no damage. x2
The ufetubus hits you but does no damage.
You block the ufetubus's attack. The kobold hits you with a +0 club.
The kobold barely misses you. You furiously retaliate!
You headbutt the kobold!
You kill the kobold!
The ufetubus hits you but does no damage. x2
The kobold closely misses you.
You hit the ufetubus.
You kill the ufetubus!
You hit the kobold. You barely miss the kobold.
The kobold hits you but does no damage. The kobold closely misses you.
You furiously retaliate!
You headbutt the kobold!
You kill the kobold!
You closely miss the kobold. Your headbutt misses the kobold.
The kobold is severely wounded.
You hit the necrophage. You closely miss the kobold brigand.
The necrophage hits you but does no damage.
The kobold brigand hits you with a +0 dagger.
The kobold barely misses you. You furiously retaliate!
You headbutt the kobold, but do no damage.
You barely miss the kobold.
The kobold is severely wounded.
You hit the necrophage. You slash the kobold brigand!
The necrophage hits you but does no damage.
The kobold brigand hits you with a +0 dagger.
You block the kobold's attack.
You slash the kobold!
You kill the kobold!
You hit the necrophage. You slash the kobold brigand! The necrophage hits you.
The kobold brigand hits you with a +0 dagger.
The necrophage hits you.
* * * LOW HITPOINT WARNING * * *
You feel drained.
* * * LOW HITPOINT WARNING * * *
You block the kobold brigand's attack. You block the kobold's attack.
You are too injured to fight recklessly!
You are too injured to fight recklessly!
You are too injured to fight recklessly!
You hit the necrophage.
The necrophage is heavily damaged.
You slash the kobold!
You kill the kobold!
You hit the kobold brigand. The necrophage hits you.
* * * LOW HITPOINT WARNING * * *
You feel drained.
* * * LOW HITPOINT WARNING * * *
The kobold brigand hits you but does no damage.
The necrophage attacks as you move away!
The necrophage hits you.
* * * LOW HITPOINT WARNING * * *
You feel drained.
You die...

≈≈≈≈≈≈≈≈≈~~.'.~~#
≈≈≈≈≈≈≈≈≈~~.#.~≈# ..≈#
≈≈≈≈≈≈≈≈≈≈~.#.†≈# ..≈#
≈≈≈≈≈≈≈≈≈≈~.#.~≈# ...≈#
≈≈≈≈≈≈≈≈≈~..#[)≈# '''##
≈≈≈~≈≈≈~≈...#.~≈# .....#
~#≈≈###≈#)####)###..⌠...
....).....≈≈#...#)....⌠.
..)......≈≈≈~...@n⌠._...
..........≈≈#...#K....⌠.
##≈##≈###.####.###..⌠...
≈≈≈≈≈~≈≈~...#..≈# .....#
≈≈≈≈≈≈≈≈≈≈..#.~≈# +++##
≈≈≈≈≈≈≈≈≈≈≈.#.≈≈
≈≈≈≈≈≈≈≈≈≈≈.#.~
≈≈≈≈≈≈≈≈≈≈~.#
≈≈≈≈≈≈≈≈≈≈~.+


You could see a kobold brigand and a necrophage.

Vanquished Creatures
  A scorpion (D:3)
  A wight (Sewer)
  A hound (D:3)
  Ijyb (D:4)
  Terence (D:2)
  2 adders (D:3)
  3 ufetubi (Sewer)
  6 worms
  2 dart slugs
  9 endoplasms
  4 giant cockroaches
  8 goblins
  4 hobgoblins (D:3)
  A quokka (D:3)
  10 ball pythons
  4 bats
  3 frilled lizards
  22 kobolds
  6 rats
89 creatures vanquished.

Vanquished Creatures (others)
  4 fungi
  3 plants
7 creatures vanquished.

Grand Total: 96 creatures vanquished

Notes
Turn   | Place    | Note
-------+----------+-------------------------------------------
     0 | D:1      | Flugkiller the Minotaur Fighter began the quest for the
                  | Orb.
     0 | D:1      | Reached XP level 1. HP: 19/19 MP: 0/0
   357 | D:1      | Found a faded altar of an unknown god.
   401 | D:1      | Reached XP level 2. HP: 27/27 MP: 1/1
   899 | D:2      | Found a hazy altar of Hepliaklqana.
  1024 | D:2      | Noticed Terence
  1033 | D:2      | Killed Terence
  1034 | D:2      | Reached XP level 3. HP: 20/33 MP: 2/2
  1682 | D:2      | Found Wuimio Kani's Magic Scroll Emporium.
  2127 | D:3      | Found a runed translucent door.
  2147 | D:3      | Reached XP level 4. HP: 29/41 MP: 3/3
  2152 | D:3      | Noticed Isauros's ghost (weakling MiHu)
  2323 | D:3      | Noticed a scorpion
  2326 | D:3      | Killed a scorpion
  2327 | D:3      | Reached skill level 5 in Axes
  2327 | D:3      | Reached XP level 5. HP: 41/47 MP: 4/4
  2915 | D:3      | Found a sparkling altar of Nemelex Xobeh.
  3106 | D:4      | Noticed Ijyb
  3124 | D:4      | Killed Ijyb
  3125 | D:4      | Reached skill level 5 in Fighting
  3125 | D:4      | Reached skill level 5 in Armour
  3265 | D:4      | Found a glowing drain.
  3289 | Sewer    | Entered a sewer
  3507 | Sewer    | Reached XP level 6. HP: 40/56 MP: 5/5
  3512 | Sewer    | Found an ancient bone altar of Kikubaaqudgha.
  3526 | Sewer    | HP: 1/53 [necrophage (5)]
  3526 | Sewer    | Slain by a necrophage

Illustrated notes

Levels and vault maps discovered:
D:1:      lemuel_arrival_room, layout_basic,
          shapermc_ecumenical_altar_mp_ritualfount,
          minmay_misc_feat_more_columns, glass_columns_c,
          minmay_tree_intersection
D:2:      layout_basic, serial_shops, shop, basic_altar, uniq_terence
D:3:      cheibrodos_old_hovel, layout_basic, nicolae_overflow_hidden_temple,
          ebering_ghost_sewer_d, dreamdust_mushroom_princess,
          minmay_goblin_outpost
D:4:      layout_basic, jmf_multi_god_temple, cheibrodos_sewer_entry_bend,
          uniq_ijyb
Sewer:    kennysheep_sewer_church

Skill      XL: |  1  2  3  4  5 |
---------------+----------------+-----
Axes           | 3 4 5 |  5.9
Fighting       | 4 5 |  5.2
Armour         | 4 5 |  5.2
Shields        | |  3.6

Action                   |  1- 3 |  4- 6 || total
-------------------------+-------+-------++-------
Melee: War axe           |    75 |   103 ||   178
       Headbutt          |    11 |    17 ||    28
Armor: Scale mail        |    23 |    60 ||    83
Dodge: Dodged            |    33 |    73 ||   106
Block: Buckler           |    11 |    24 ||    35
